[ AOE2 MATCH · #472933853 ]
UnrankedPersians vs Maya
[ REPLAY ANALYSIS · EXTRACTED FROM THE RECORDED GAME ]
Feudal
12:38
Castle
23:00
Imperial
—
| APM avg | 27.7 |
| APM peak | 73 |
| eAPM avg | 11.4 |
| Villagers / military | 84 / 49 |
Focus
⚔️ 23.5% · 🌾 76.5%
Scout Cavalry ×22 · Knight ×16 · Fishing Ship ×12 · Spearman ×6 · Scorpion ×4 · Demolition Raft ×1
Feudal
13:41
Castle
20:17
Imperial
40:48
| APM avg | 33.6 |
| APM peak | 57 |
| eAPM avg | 23.9 |
| Villagers / military | 120 / 165 |
Focus
⚔️ 34.7% · 🌾 65.3%
Archer ×105 · Eagle Scout ×32 · Spearman ×20 · Fishing Ship ×13 · Plumed Archer ×5 · Unknown (2626) ×5
Feudal
12:32
Castle
21:18
Imperial
—
| APM avg | 48.8 |
| APM peak | 119 |
| eAPM avg | 26.2 |
| Villagers / military | 121 / 103 |
Focus
⚔️ 36.2% · 🌾 63.8%
Scout Cavalry ×55 · Knight ×37 · Fishing Ship ×16 · Mangonel ×8 · Monk ×2 · Battering Ram ×1
Feudal
13:39
Castle
21:58
Imperial
—
| APM avg | 33.1 |
| APM peak | 73 |
| eAPM avg | 14.2 |
| Villagers / military | 48 / 51 |
Focus
⚔️ 26.6% · 🌾 73.4%
Militia ×30 · Spearman ×9 · Fishing Ship ×7 · Fire Galley ×5 · Battering Ram ×4 · Mangonel ×2
Feudal
15:10
Castle
23:22
Imperial
—
| APM avg | 27.5 |
| APM peak | 48 |
| eAPM avg | 14.7 |
| Villagers / military | 69 / 12 |
Focus
⚔️ 31.0% · 🌾 69.0%
Unknown (1952) ×37 · Fishing Ship ×15 · Mangonel ×8 · Unknown (1944) ×3 · Monk ×2 · Spearman ×1
Feudal
15:34
Castle
25:46
Imperial
—
| APM avg | 31.0 |
| APM peak | 60 |
| eAPM avg | 13.2 |
| Villagers / military | 61 / 28 |
Focus
⚔️ 29.8% · 🌾 70.2%
Spearman ×11 · Skirmisher ×8 · Fishing Ship ×7 · Archer ×6 · Mangonel ×3
Feudal
14:43
Castle
23:53
Imperial
—
| APM avg | 22.9 |
| APM peak | 56 |
| eAPM avg | 13.8 |
| Villagers / military | 104 / 37 |
Focus
⚔️ 21.0% · 🌾 79.0%
Knight ×35 · Fishing Ship ×20 · Unknown (2626) ×10 · Scout Cavalry ×2
Feudal
14:08
Castle
23:07
Imperial
39:01
| APM avg | 29.2 |
| APM peak | 69 |
| eAPM avg | 11.2 |
| Villagers / military | 80 / 112 |
Focus
⚔️ 35.2% · 🌾 64.8%
Archer ×97 · Galley ×10 · Fishing Ship ×9 · Monk ×4 · Trade Cog ×2 · Fire Galley ×1
Match map
Initial resources + every placement click. Lines = walls · curves = elevation contours. ◆ gold · ⬟ stone · ● berries · ✦ relic · ◌ wall gap
Inputs per minute
— Surb - - 神圣罗马帝国 | Holy Roman
Build order — Surb
First 150 of 248 actions detected
| 0:06 | Build | Town Center |
| 1:48 | Build | House |
| 2:06 | Build | House |
| 2:31 | Create | Villager (Male) |
| 2:31 | Create | Villager (Male) |
| 2:31 | Create | Villager (Male) |
| 2:32 | Create | Villager (Male) |
| 2:32 | Create | Villager (Male) |
| 2:59 | Build | Dock |
| 3:36 | Create | Fishing Ship |
| 4:03 | Create | Fishing Ship |
| 4:39 | Create | Villager (Male) |
| 5:08 | Create | Villager (Male) |
| 5:31 | Research | Loom |
| 5:33 | Create | Villager (Male) |
| 5:35 | Create | Fishing Ship |
| 5:50 | Build | House |
| 6:18 | Create | Villager (Male) |
| 6:45 | Create | Villager (Male) |
| 6:46 | Create | Villager (Male) |
| 6:49 | Create | Fishing Ship |
| 7:02 | Build | House |
| 7:19 | Create | Villager (Male) |
| 7:43 | Create | Fishing Ship |
| 7:57 | Create | Villager (Male) |
| 8:15 | Create | Villager (Male) |
| 8:16 | Create | Fishing Ship |
| 8:34 | Create | Villager (Male) |
| 8:54 | Create | Villager (Male) |
| 8:57 | Build | House |
| 9:08 | Build | Mill |
| 9:44 | Create | Villager (Male) |
| 10:09 | Build | Mining Camp |
| 10:11 | Create | Villager (Male) |
| 10:32 | Research | Feudal Age |
| 10:57 | Build | Barracks |
| 11:20 | Build | House |
| 12:04 | Create | Villager (Male) |
| 12:04 | Create | Villager (Male) |
| 12:23 | Create | Villager (Male) |
| 12:38 | Age | Feudal Age |
| 12:46 | Build | Stable |
| 12:54 | Build | House |
| 13:09 | Build | Lumber Camp |
| 13:33 | Create | Villager (Male) |
| 13:43 | Build | House |
| 13:46 | Create | Scout Cavalry |
| 13:47 | Create | Scout Cavalry |
| 13:47 | Create | Scout Cavalry |
| 13:57 | Build | Mill |
| 14:04 | Create | Spearman |
| 14:30 | Create | Villager (Male) |
| 14:52 | Create | Villager (Male) |
| 14:56 | Build | Blacksmith |
| 15:13 | Create | Villager (Male) |
| 15:32 | Create | Scout Cavalry |
| 15:41 | Build | House |
| 15:42 | Create | Villager (Male) |
| 15:42 | Create | Villager (Male) |
| 16:09 | Create | Scout Cavalry |
| 16:09 | Create | Scout Cavalry |
| 16:15 | Build | House |
| 16:26 | Research | Forging |
| 17:07 | Create | Scout Cavalry |
| 17:17 | Create | Villager (Male) |
| 17:18 | Create | Villager (Male) |
| 17:23 | Build | Farm |
| 17:24 | Build | Farm |
| 17:24 | Build | Farm |
| 17:24 | Build | Farm |
| 17:25 | Build | Farm |
| 17:25 | Build | Farm |
| 17:25 | Build | Farm |
| 17:26 | Build | Farm |
| 17:26 | Build | Farm |
| 17:26 | Build | Farm |
| 17:26 | Build | Farm |
| 17:27 | Build | Farm |
| 17:27 | Build | Farm |
| 17:38 | Create | Scout Cavalry |
| 18:08 | Create | Villager (Male) |
| 18:14 | Build | Farm |
| 18:41 | Create | Villager (Male) |
| 18:41 | Create | Villager (Male) |
| 18:48 | Build | Palisade Wall |
| 18:52 | Build | Palisade Wall |
| 19:11 | Create | Spearman |
| 19:11 | Create | Spearman |
| 19:18 | Create | Villager (Male) |
| 19:18 | Create | Villager (Male) |
| 19:30 | Build | Mill |
| 19:37 | Build | Mining Camp |
| 19:57 | Create | Villager (Male) |
| 20:17 | Create | Spearman |
| 20:33 | Research | Castle Age |
| 20:50 | Create | Villager (Male) |
| 21:08 | Create | Villager (Male) |
| 21:09 | Create | Villager (Male) |
| 21:14 | Build | Stable |
| 21:19 | Research | Horse Collar |
| 21:40 | Research | Double-Bit Axe |
| 21:56 | Build | House |
| 21:58 | Build | House |
| 22:06 | Build | Palisade Wall |
| 22:26 | Create | Scout Cavalry |
| 22:26 | Create | Scout Cavalry |
| 22:39 | Create | Spearman |
| 22:40 | Create | Spearman |
| 23:00 | Age | Castle Age |
| 23:04 | Create | Knight |
| 23:04 | Create | Knight |
| 23:05 | Create | Knight |
| 23:22 | Create | Knight |
| 23:44 | Create | Villager (Male) |
| 23:54 | Create | Villager (Male) |
| 24:02 | Build | Farm |
| 24:21 | Create | Knight |
| 24:23 | Create | Villager (Male) |
| 24:23 | Create | Villager (Male) |
| 24:35 | Build | Farm |
| 24:51 | Create | Scout Cavalry |
| 24:57 | Build | Farm |
| 25:10 | Build | Dock |
| 25:23 | Create | Villager (Male) |
| 25:24 | Create | Villager (Male) |
| 25:50 | Research | Scale Barding Armor |
| 26:05 | Build | Market |
| 26:21 | Create | Villager (Male) |
| 26:22 | Create | Villager (Male) |
| 26:43 | Research | Bloodlines |
| 26:50 | Create | Villager (Male) |
| 26:55 | Build | House |
| 27:11 | Build | Mill |
| 27:19 | Create | Villager (Male) |
| 27:19 | Create | Villager (Male) |
| 27:45 | Build | House |
| 27:49 | Create | Demolition Raft |
| 27:55 | Create | Fishing Ship |
| 27:55 | Create | Fishing Ship |
| 27:56 | Create | Fishing Ship |
| 27:56 | Create | Fishing Ship |
| 27:56 | Create | Fishing Ship |
| 27:57 | Create | Fishing Ship |
| 28:20 | Build | Castle |
| 28:46 | Build | Castle |
| 28:52 | Create | Knight |
| 28:52 | Create | Knight |
| 29:01 | Create | Villager (Male) |
| 29:01 | Create | Villager (Male) |
| 29:01 | Create | Villager (Male) |
Build order — 神圣罗马帝国 | Holy Roman
First 150 of 426 actions detected
| 0:37 | Build | Town Center |
| 2:31 | Build | House |
| 2:46 | Create | Villager (Male) |
| 2:46 | Create | Villager (Male) |
| 2:46 | Create | Villager (Male) |
| 2:47 | Create | Villager (Male) |
| 3:12 | Build | Dock |
| 3:28 | Research | Loom |
| 4:07 | Create | Fishing Ship |
| 4:07 | Create | Fishing Ship |
| 4:12 | Build | House |
| 4:29 | Create | Villager (Male) |
| 4:29 | Create | Villager (Male) |
| 4:57 | Create | Villager (Male) |
| 4:57 | Create | Villager (Male) |
| 5:27 | Create | Villager (Male) |
| 5:27 | Create | Villager (Male) |
| 5:47 | Create | Villager (Male) |
| 5:49 | Create | Fishing Ship |
| 5:49 | Create | Fishing Ship |
| 6:19 | Build | House |
| 6:24 | Create | Villager (Male) |
| 6:25 | Create | Villager (Male) |
| 6:25 | Create | Villager (Male) |
| 6:56 | Create | Villager (Male) |
| 6:56 | Create | Villager (Male) |
| 7:11 | Create | Villager (Male) |
| 7:12 | Create | Villager (Male) |
| 7:44 | Create | Fishing Ship |
| 7:47 | Build | House |
| 7:49 | Create | Villager (Male) |
| 7:50 | Create | Villager (Male) |
| 8:19 | Create | Fishing Ship |
| 8:19 | Create | Fishing Ship |
| 8:22 | Create | Villager (Male) |
| 8:23 | Create | Villager (Male) |
| 8:23 | Create | Villager (Male) |
| 8:23 | Create | Villager (Male) |
| 8:29 | Create | Villager (Male) |
| 8:29 | Create | Villager (Male) |
| 9:06 | Create | Villager (Male) |
| 9:07 | Create | Villager (Male) |
| 9:07 | Create | Villager (Male) |
| 9:07 | Create | Villager (Male) |
| 9:19 | Create | Fishing Ship |
| 9:41 | Create | Villager (Male) |
| 9:44 | Build | Mill |
| 9:52 | Build | House |
| 10:00 | Create | Villager (Male) |
| 10:30 | Create | Fishing Ship |
| 10:32 | Create | Villager (Male) |
| 11:06 | Create | Villager (Male) |
| 11:17 | Build | Lumber Camp |
| 11:21 | Research | Feudal Age |
| 11:58 | Build | Mining Camp |
| 12:11 | Create | Villager (Male) |
| 12:51 | Build | Dock |
| 12:58 | Create | Villager (Male) |
| 13:12 | Create | Villager (Male) |
| 13:41 | Build | House |
| 13:41 | Age | Feudal Age |
| 13:46 | Build | House |
| 13:48 | Create | Villager (Male) |
| 13:55 | Create | Unit 2626 |
| 13:55 | Create | Unit 2626 |
| 14:00 | Build | House |
| 14:09 | Research | Double-Bit Axe |
| 14:09 | Research | Double-Bit Axe |
| 14:13 | Research | Gold Mining |
| 14:13 | Research | Gold Mining |
| 14:40 | Build | House |
| 14:46 | Create | Unit 2626 |
| 14:46 | Create | Unit 2626 |
| 14:56 | Research | Tech 906 |
| 15:02 | Create | Villager (Male) |
| 15:03 | Create | Villager (Male) |
| 15:11 | Create | Unit 2626 |
| 15:29 | Create | Villager (Male) |
| 15:43 | Create | Villager (Male) |
| 15:50 | Create | Fire Galley |
| 15:51 | Create | Villager (Male) |
| 16:05 | Create | Villager (Male) |
| 16:19 | Create | Villager (Male) |
| 16:23 | Build | Market |
| 16:36 | Create | Fire Galley |
| 16:37 | Create | Villager (Male) |
| 16:43 | Build | House |
| 17:03 | Build | Blacksmith |
| 17:19 | Create | Villager (Male) |
| 17:28 | Create | Villager (Male) |
| 17:30 | Build | House |
| 17:37 | Research | Castle Age |
| 17:38 | Research | Castle Age |
| 17:48 | Build | Farm |
| 17:48 | Build | Farm |
| 17:54 | Build | Farm |
| 17:55 | Build | Farm |
| 18:12 | Build | House |
| 18:15 | Build | House |
| 18:17 | Create | Villager (Male) |
| 18:27 | Build | Barracks |
| 18:32 | Research | Forging |
| 18:39 | Create | Fishing Ship |
| 18:39 | Create | Fishing Ship |
| 18:44 | Create | Villager (Male) |
| 19:08 | Build | Farm |
| 19:08 | Build | Farm |
| 19:11 | Build | Farm |
| 19:13 | Create | Villager (Male) |
| 19:55 | Create | Fishing Ship |
| 19:55 | Create | Fishing Ship |
| 20:03 | Create | Eagle Scout |
| 20:03 | Create | Eagle Scout |
| 20:17 | Age | Castle Age |
| 20:22 | Build | Town Center |
| 20:36 | Research | Bow Saw |
| 20:36 | Research | Bow Saw |
| 20:38 | Create | Villager (Male) |
| 20:39 | Research | Scale Mail Armor |
| 20:41 | Create | Eagle Scout |
| 20:46 | Build | Outpost |
| 20:53 | Build | House |
| 20:56 | Create | Eagle Scout |
| 20:57 | Create | Villager (Male) |
| 21:10 | Create | Eagle Scout |
| 21:16 | Create | Eagle Scout |
| 21:25 | Build | Outpost |
| 21:27 | Build | Barracks |
| 21:34 | Create | Villager (Male) |
| 21:35 | Create | Villager (Male) |
| 21:35 | Create | Villager (Male) |
| 21:35 | Create | Villager (Male) |
| 21:51 | Create | Villager (Male) |
| 21:52 | Create | Villager (Male) |
| 21:52 | Create | Villager (Male) |
| 22:02 | Create | Eagle Scout |
| 22:03 | Create | Eagle Scout |
| 22:13 | Create | Eagle Scout |
| 22:14 | Create | Eagle Scout |
| 22:18 | Research | Stone Mining |
| 22:22 | Build | Farm |
| 22:22 | Build | Farm |
| 22:22 | Build | Farm |
| 22:25 | Research | Horse Collar |
| 22:32 | Build | Lumber Camp |
| 22:34 | Create | Villager (Male) |
| 22:34 | Create | Villager (Male) |
| 22:37 | Build | House |
| 22:42 | Create | Eagle Scout |
| 22:43 | Create | Eagle Scout |
Build order — lord_valdomero
First 150 of 320 actions detected
| 0:39 | Build | Dock |
| 0:40 | Build | House |
| 0:55 | Build | Town Center |
| 2:58 | Create | Villager (Male) |
| 2:58 | Create | Villager (Male) |
| 2:58 | Create | Villager (Male) |
| 2:59 | Create | Villager (Male) |
| 2:59 | Create | Villager (Male) |
| 2:59 | Create | Villager (Male) |
| 3:55 | Create | Villager (Male) |
| 3:55 | Create | Villager (Male) |
| 3:56 | Create | Villager (Male) |
| 4:04 | Create | Fishing Ship |
| 4:04 | Create | Fishing Ship |
| 4:18 | Build | House |
| 5:16 | Create | Villager (Male) |
| 5:16 | Create | Villager (Male) |
| 5:16 | Create | Villager (Male) |
| 5:18 | Create | Fishing Ship |
| 5:18 | Create | Fishing Ship |
| 5:47 | Create | Villager (Male) |
| 5:47 | Create | Villager (Male) |
| 5:47 | Create | Villager (Male) |
| 6:21 | Create | Villager (Male) |
| 6:21 | Create | Villager (Male) |
| 6:21 | Create | Villager (Male) |
| 6:23 | Create | Fishing Ship |
| 6:23 | Create | Fishing Ship |
| 6:23 | Create | Fishing Ship |
| 6:28 | Build | House |
| 6:43 | Create | Villager (Male) |
| 6:43 | Create | Villager (Male) |
| 6:44 | Create | Villager (Male) |
| 7:01 | Research | Loom |
| 7:05 | Create | Villager (Male) |
| 7:06 | Create | Villager (Male) |
| 7:18 | Create | Villager (Male) |
| 7:19 | Create | Villager (Male) |
| 7:19 | Create | Villager (Male) |
| 7:20 | Create | Fishing Ship |
| 7:21 | Create | Fishing Ship |
| 7:21 | Create | Fishing Ship |
| 7:44 | Create | Villager (Male) |
| 7:44 | Create | Villager (Male) |
| 7:47 | Create | Fishing Ship |
| 7:47 | Create | Fishing Ship |
| 7:48 | Create | Fishing Ship |
| 8:15 | Create | Villager (Male) |
| 8:15 | Create | Villager (Male) |
| 8:15 | Create | Villager (Male) |
| 8:21 | Build | House |
| 8:34 | Create | Fishing Ship |
| 8:35 | Create | Fishing Ship |
| 8:35 | Create | Fishing Ship |
| 9:00 | Create | Villager (Male) |
| 9:00 | Create | Villager (Male) |
| 9:00 | Create | Villager (Male) |
| 9:26 | Build | Lumber Camp |
| 10:22 | Research | Feudal Age |
| 10:22 | Research | Feudal Age |
| 10:56 | Build | Barracks |
| 11:17 | Build | Mill |
| 11:23 | Build | House |
| 12:06 | Create | Villager (Male) |
| 12:06 | Create | Villager (Male) |
| 12:22 | Build | House |
| 12:32 | Age | Feudal Age |
| 12:34 | Build | Stable |
| 12:38 | Research | Double-Bit Axe |
| 12:38 | Research | Double-Bit Axe |
| 13:17 | Create | Scout Cavalry |
| 13:17 | Create | Scout Cavalry |
| 13:18 | Create | Scout Cavalry |
| 13:19 | Create | Villager (Male) |
| 13:20 | Create | Villager (Male) |
| 13:22 | Build | Farm |
| 13:24 | Build | Farm |
| 13:27 | Build | Farm |
| 13:34 | Build | House |
| 13:36 | Build | House |
| 13:37 | Build | House |
| 13:42 | Create | Villager (Male) |
| 13:42 | Create | Villager (Male) |
| 13:42 | Create | Villager (Male) |
| 14:04 | Create | Scout Cavalry |
| 14:05 | Create | Villager (Male) |
| 14:05 | Create | Villager (Male) |
| 14:08 | Build | Farm |
| 14:21 | Build | Farm |
| 14:37 | Create | Scout Cavalry |
| 14:48 | Build | Mining Camp |
| 14:52 | Create | Scout Cavalry |
| 15:03 | Build | Farm |
| 15:17 | Create | Villager (Male) |
| 15:17 | Create | Villager (Male) |
| 15:58 | Create | Scout Cavalry |
| 16:16 | Create | Villager (Male) |
| 16:17 | Create | Villager (Male) |
| 16:38 | Build | Farm |
| 16:40 | Build | Farm |
| 16:41 | Build | Farm |
| 17:16 | Create | Villager (Male) |
| 17:16 | Create | Villager (Male) |
| 17:22 | Build | Market |
| 17:38 | Create | Villager (Male) |
| 17:54 | Build | Farm |
| 17:58 | Build | Farm |
| 18:16 | Build | Farm |
| 18:38 | Research | Castle Age |
| 18:39 | Research | Castle Age |
| 18:44 | Build | Blacksmith |
| 19:25 | Create | Scout Cavalry |
| 19:25 | Create | Scout Cavalry |
| 19:26 | Create | Scout Cavalry |
| 19:33 | Build | Stable |
| 19:36 | Build | House |
| 19:42 | Research | Forging |
| 20:19 | Build | House |
| 20:21 | Build | Palisade Gate |
| 20:34 | Research | Scale Barding Armor |
| 20:34 | Research | Scale Barding Armor |
| 20:36 | Create | Villager (Male) |
| 20:36 | Create | Villager (Male) |
| 21:09 | Create | Scout Cavalry |
| 21:09 | Create | Scout Cavalry |
| 21:10 | Create | Scout Cavalry |
| 21:18 | Age | Castle Age |
| 21:22 | Research | Light Cavalry (upgrade) |
| 21:30 | Create | Villager (Male) |
| 22:16 | Create | Knight |
| 22:16 | Create | Knight |
| 23:10 | Create | Villager (Male) |
| 23:10 | Create | Villager (Male) |
| 23:11 | Create | Villager (Male) |
| 23:14 | Build | Monastery |
| 23:22 | Build | Town Center |
| 23:27 | Create | Knight |
| 23:44 | Research | Chain Barding Armor |
| 23:56 | Build | Farm |
| 24:01 | Create | Monk |
| 24:13 | Build | Farm |
| 24:16 | Create | Villager (Male) |
| 24:16 | Create | Villager (Male) |
| 24:17 | Create | Villager (Male) |
| 24:22 | Build | Farm |
| 24:28 | Create | Knight |
| 24:28 | Create | Knight |
| 24:28 | Create | Knight |
| 24:28 | Create | Knight |
| 24:30 | Create | Villager (Male) |
Build order — Phantom_JH
First 150 of 173 actions detected
| 0:23 | Build | Dock |
| 0:51 | Build | Town Center |
| 1:48 | Build | House |
| 1:50 | Build | House |
| 3:11 | Create | Villager (Male) |
| 3:12 | Create | Villager (Male) |
| 3:12 | Create | Villager (Male) |
| 3:12 | Create | Villager (Male) |
| 4:03 | Create | Villager (Male) |
| 4:48 | Build | House |
| 5:04 | Create | Villager (Male) |
| 5:39 | Create | Fishing Ship |
| 6:02 | Create | Villager (Male) |
| 6:19 | Create | Fishing Ship |
| 6:33 | Create | Villager (Male) |
| 7:26 | Create | Villager (Male) |
| 7:30 | Build | House |
| 7:41 | Create | Fishing Ship |
| 7:48 | Build | House |
| 7:52 | Create | Villager (Male) |
| 8:08 | Create | Villager (Male) |
| 8:21 | Create | Fishing Ship |
| 8:42 | Create | Villager (Male) |
| 9:02 | Create | Fishing Ship |
| 9:07 | Create | Villager (Male) |
| 9:43 | Build | Mill |
| 9:44 | Create | Villager (Male) |
| 10:05 | Create | Fishing Ship |
| 10:13 | Create | Villager (Male) |
| 10:49 | Build | Outpost |
| 10:53 | Create | Villager (Male) |
| 11:29 | Research | Feudal Age |
| 11:40 | Build | Mining Camp |
| 12:00 | Build | House |
| 12:09 | Create | Fishing Ship |
| 12:41 | Build | Palisade Wall |
| 12:55 | Create | Villager (Male) |
| 13:14 | Build | Barracks |
| 13:23 | Build | Palisade Wall |
| 13:39 | Age | Feudal Age |
| 13:40 | Create | Villager (Male) |
| 13:54 | Create | Fire Galley |
| 14:13 | Create | Villager (Male) |
| 14:24 | Build | House |
| 14:32 | Create | Fire Galley |
| 14:38 | Create | Villager (Male) |
| 14:39 | Research | Loom |
| 14:42 | Research | Horse Collar |
| 15:14 | Build | Palisade Wall |
| 15:40 | Create | Villager (Male) |
| 15:46 | Build | Blacksmith |
| 15:48 | Create | Villager (Male) |
| 16:01 | Create | Fire Galley |
| 16:41 | Build | House |
| 16:44 | Build | Market |
| 17:04 | Build | House |
| 17:06 | Build | House |
| 17:11 | Create | Fire Galley |
| 17:14 | Create | Villager (Male) |
| 17:14 | Create | Villager (Male) |
| 17:18 | Build | House |
| 17:42 | Build | House |
| 17:44 | Build | Palisade Wall |
| 17:47 | Create | Villager (Male) |
| 18:31 | Build | Farm |
| 18:32 | Build | Farm |
| 18:37 | Build | Farm |
| 18:41 | Build | Farm |
| 19:14 | Build | Outpost |
| 19:18 | Research | Castle Age |
| 19:20 | Build | Farm |
| 19:41 | Create | Fire Galley |
| 19:45 | Build | Farm |
| 19:54 | Build | Outpost |
| 20:10 | Build | Lumber Camp |
| 20:15 | Research | Man-at-Arms (upgrade) |
| 21:05 | Build | Outpost |
| 21:07 | Create | Militia |
| 21:07 | Create | Militia |
| 21:08 | Create | Militia |
| 21:13 | Build | Farm |
| 21:38 | Build | Outpost |
| 21:41 | Create | Villager (Male) |
| 21:43 | Research | Double-Bit Axe |
| 21:45 | Research | Horse Collar |
| 21:58 | Age | Castle Age |
| 22:09 | Create | Villager (Male) |
| 22:23 | Create | Villager (Male) |
| 22:28 | Build | Farm |
| 22:45 | Build | Building 800 |
| 22:53 | Build | Farm |
| 22:57 | Build | Farm |
| 22:59 | Create | Militia |
| 23:00 | Create | Militia |
| 23:01 | Create | Militia |
| 23:22 | Build | Outpost |
| 23:26 | Build | Barracks |
| 23:39 | Build | Farm |
| 23:56 | Build | Castle |
| 23:59 | Create | Villager (Male) |
| 23:59 | Create | Villager (Male) |
| 24:14 | Build | Outpost |
| 24:24 | Research | Long Swordsman (upgrade) |
| 24:27 | Research | Squires |
| 24:28 | Build | Farm |
| 24:40 | Build | Siege Workshop |
| 24:43 | Create | Militia |
| 24:43 | Create | Militia |
| 25:12 | Research | Scale Mail Armor |
| 25:26 | Create | Mangonel |
| 25:40 | Research | Forging |
| 25:43 | Create | Militia |
| 25:49 | Create | Villager (Male) |
| 25:49 | Create | Villager (Male) |
| 25:56 | Create | Battering Ram |
| 26:41 | Create | Militia ×4 |
| 27:08 | Create | Mangonel |
| 27:11 | Create | Militia |
| 27:13 | Create | Militia |
| 27:31 | Create | Militia |
| 27:38 | Create | Villager (Male) |
| 28:09 | Create | Militia ×2 |
| 28:36 | Create | Villager (Male) |
| 28:36 | Create | Villager (Male) |
| 28:54 | Create | Militia ×2 |
| 29:05 | Build | House |
| 29:12 | Build | Town Center |
| 29:14 | Create | Villager (Male) |
| 29:14 | Create | Villager (Male) |
| 30:15 | Create | Spearman ×5 |
| 30:20 | Build | Barracks |
| 30:32 | Research | Chain Mail Armor |
| 30:38 | Build | Farm |
| 30:39 | Build | Farm |
| 30:51 | Create | Villager (Male) |
| 31:01 | Create | Villager (Male) |
| 31:20 | Create | Militia |
| 31:58 | Build | Castle |
| 32:05 | Create | Militia ×2 |
| 32:09 | Build | Farm |
| 32:12 | Build | Farm |
| 32:12 | Create | Villager (Male) |
| 32:12 | Create | Villager (Male) |
| 32:46 | Create | Villager (Male) |
| 32:46 | Create | Villager (Male) |
| 33:00 | Create | Spearman |
| 33:00 | Create | Spearman |
| 33:14 | Create | Centurion |
| 33:33 | Build | Mining Camp |
| 33:40 | Create | Battering Ram |
Build order — CC
First 150 of 230 actions detected
| 0:16 | Build | House |
| 0:26 | Build | Town Center |
| 1:53 | Build | Dock |
| 2:55 | Create | Villager (Male) |
| 2:55 | Create | Villager (Male) |
| 2:55 | Create | Villager (Male) |
| 2:56 | Create | Villager (Male) |
| 4:15 | Create | Fishing Ship |
| 4:24 | Create | Villager (Male) |
| 4:40 | Build | House |
| 4:56 | Create | Villager (Male) |
| 5:20 | Create | Villager (Male) |
| 5:20 | Create | Villager (Male) |
| 5:39 | Create | Villager (Male) |
| 6:03 | Create | Villager (Male) |
| 6:10 | Create | Fishing Ship |
| 6:28 | Create | Villager (Male) |
| 6:28 | Create | Villager (Male) |
| 6:42 | Build | House |
| 7:02 | Create | Villager (Male) |
| 7:03 | Create | Villager (Male) |
| 7:17 | Build | House |
| 7:21 | Create | Fishing Ship |
| 7:51 | Build | Palisade Wall |
| 8:03 | Create | Villager (Male) |
| 8:09 | Create | Fishing Ship |
| 8:19 | Build | House |
| 8:21 | Build | Palisade Wall |
| 8:30 | Create | Villager (Male) |
| 8:58 | Create | Villager (Male) |
| 9:20 | Create | Villager (Male) |
| 9:34 | Create | Fishing Ship |
| 9:36 | Create | Fishing Ship |
| 9:52 | Build | Mill |
| 10:04 | Research | Loom |
| 10:05 | Create | Villager (Male) |
| 10:06 | Create | Villager (Male) |
| 10:36 | Build | House |
| 10:48 | Build | Building 796 |
| 10:51 | Build | House |
| 10:58 | Build | Palisade Wall |
| 11:00 | Build | Palisade Wall |
| 11:02 | Build | Palisade Wall |
| 11:04 | Build | Palisade Wall |
| 11:06 | Build | Palisade Wall |
| 11:16 | Build | House |
| 11:20 | Build | Palisade Wall |
| 11:20 | Create | Villager (Male) |
| 11:21 | Create | Villager (Male) |
| 11:29 | Create | Fishing Ship |
| 11:51 | Create | Villager (Male) |
| 12:33 | Create | Villager (Male) |
| 12:41 | Create | Fishing Ship |
| 12:42 | Create | Fishing Ship |
| 12:59 | Create | Fishing Ship |
| 13:00 | Research | Feudal Age |
| 13:00 | Research | Feudal Age |
| 13:42 | Create | Fishing Ship |
| 14:10 | Build | Mill |
| 14:41 | Create | Fishing Ship |
| 14:45 | Build | House |
| 15:10 | Age | Feudal Age |
| 15:32 | Create | Villager (Male) |
| 15:33 | Create | Villager (Male) |
| 15:58 | Build | Palisade Wall |
| 16:00 | Build | Palisade Wall |
| 16:01 | Build | Palisade Wall |
| 16:03 | Build | Palisade Wall |
| 16:06 | Create | Villager (Male) |
| 16:11 | Build | Barracks |
| 16:23 | Create | Fishing Ship |
| 16:36 | Build | Palisade Wall |
| 16:49 | Create | Villager (Male) |
| 16:49 | Create | Villager (Male) |
| 17:16 | Create | Villager (Male) |
| 17:18 | Create | Fishing Ship |
| 17:19 | Create | Fishing Ship |
| 17:41 | Build | House |
| 17:42 | Build | House |
| 17:42 | Build | House |
| 17:42 | Build | House |
| 18:11 | Build | House |
| 18:12 | Create | Spearman |
| 18:36 | Build | Archery Range |
| 18:39 | Build | Archery Range |
| 18:59 | Build | Lumber Camp |
| 19:01 | Create | Villager (Male) |
| 19:19 | Build | Archery Range |
| 20:01 | Build | Blacksmith |
| 20:08 | Create | Skirmisher |
| 20:17 | Create | Villager (Male) |
| 20:32 | Research | Castle Age |
| 20:32 | Research | Castle Age |
| 20:59 | Research | Fletching |
| 21:33 | Build | Lumber Camp |
| 22:12 | Build | Dock |
| 22:34 | Research | Double-Bit Axe |
| 22:35 | Research | Horse Collar |
| 23:22 | Age | Castle Age |
| 23:23 | Create | Unit 1952 |
| 23:23 | Create | Unit 1952 |
| 23:23 | Create | Unit 1952 |
| 23:24 | Create | Unit 1952 |
| 23:26 | Build | Siege Workshop |
| 23:39 | Research | Bodkin Arrow |
| 23:45 | Create | Unit 1952 |
| 23:45 | Create | Unit 1952 |
| 23:45 | Create | Unit 1952 |
| 23:46 | Create | Villager (Male) |
| 23:47 | Create | Villager (Male) |
| 23:59 | Create | Mangonel |
| 24:05 | Create | Unit 1952 |
| 24:06 | Create | Unit 1952 |
| 24:06 | Create | Unit 1952 |
| 24:07 | Create | Villager (Male) |
| 24:18 | Create | Mangonel |
| 24:34 | Build | House |
| 24:35 | Build | House |
| 24:35 | Build | House |
| 24:35 | Build | House |
| 24:36 | Build | House |
| 25:13 | Create | Villager (Male) |
| 25:18 | Create | Unit 1952 ×4 |
| 25:36 | Build | House |
| 25:36 | Build | House |
| 25:36 | Build | House |
| 25:37 | Build | House |
| 26:07 | Research | Thumb Ring |
| 26:33 | Create | Unit 1952 ×3 |
| 26:37 | Create | Villager (Male) |
| 26:37 | Create | Villager (Male) |
| 26:59 | Create | Mangonel |
| 27:37 | Create | Unit 1952 ×4 |
| 28:13 | Create | Villager (Male) |
| 28:14 | Create | Villager (Male) |
| 28:56 | Create | Unit 1952 ×5 |
| 29:07 | Create | Villager (Male) |
| 29:07 | Create | Villager (Male) |
| 29:11 | Create | Unit 1952 ×3 |
| 29:53 | Create | Unit 1952 ×3 |
| 29:54 | Create | Villager (Male) |
| 29:54 | Create | Villager (Male) |
| 30:12 | Create | Villager (Male) |
| 30:12 | Create | Villager (Male) |
| 30:22 | Research | Bow Saw |
| 30:45 | Build | Monastery |
| 31:05 | Create | Villager (Male) |
| 31:10 | Create | Mangonel |
| 31:46 | Create | Mangonel |
| 32:21 | Create | Villager (Male) |
Build order — Teej
First 150 of 179 actions detected
| 0:29 | Build | Town Center |
| 1:49 | Build | Dock |
| 1:55 | Build | House |
| 2:43 | Create | Villager (Male) |
| 3:05 | Create | Villager (Male) |
| 3:05 | Create | Villager (Male) |
| 3:05 | Create | Villager (Male) |
| 3:05 | Create | Villager (Male) |
| 3:21 | Create | Fishing Ship |
| 4:14 | Research | Loom |
| 4:24 | Create | Fishing Ship |
| 4:47 | Build | House |
| 4:57 | Create | Villager (Male) |
| 5:26 | Build | Outpost |
| 5:44 | Create | Fishing Ship |
| 5:53 | Create | Villager (Male) |
| 6:02 | Build | Palisade Gate |
| 6:22 | Create | Villager (Male) |
| 6:47 | Create | Villager (Male) |
| 6:53 | Build | House |
| 7:07 | Create | Villager (Male) |
| 7:09 | Create | Fishing Ship |
| 7:22 | Build | House |
| 7:35 | Build | Outpost |
| 7:43 | Build | Outpost |
| 7:53 | Build | Palisade Wall |
| 8:07 | Build | Outpost |
| 8:08 | Create | Villager (Male) |
| 8:08 | Create | Villager (Male) |
| 8:09 | Create | Villager (Male) |
| 8:14 | Create | Fishing Ship |
| 8:29 | Build | Palisade Wall |
| 8:44 | Build | Palisade Wall |
| 9:02 | Create | Villager (Male) |
| 9:33 | Build | Palisade Wall |
| 10:02 | Build | House |
| 10:04 | Create | Villager (Male) |
| 10:04 | Create | Villager (Male) |
| 10:04 | Create | Villager (Male) |
| 10:45 | Create | Villager (Male) |
| 10:56 | Create | Villager (Male) |
| 11:01 | Build | Mill |
| 11:22 | Build | Outpost |
| 11:32 | Create | Fishing Ship |
| 11:48 | Build | Palisade Wall |
| 11:58 | Create | Villager (Male) |
| 12:01 | Create | Fishing Ship |
| 12:08 | Build | House |
| 12:13 | Build | Building 796 |
| 12:16 | Build | House |
| 12:23 | Create | Villager (Male) |
| 12:34 | Build | House |
| 13:24 | Research | Feudal Age |
| 13:31 | Build | Palisade Wall |
| 13:44 | Build | Palisade Wall |
| 14:14 | Build | Barracks |
| 14:45 | Build | Outpost |
| 15:09 | Create | Villager (Male) |
| 15:25 | Build | Palisade Gate |
| 15:34 | Age | Feudal Age |
| 15:41 | Build | Archery Range |
| 15:44 | Create | Spearman |
| 15:45 | Create | Spearman |
| 16:14 | Create | Spearman |
| 16:25 | Create | Villager (Male) |
| 16:31 | Create | Spearman |
| 16:31 | Create | Spearman |
| 16:37 | Create | Archer |
| 16:42 | Build | Farm |
| 16:46 | Build | House |
| 17:23 | Create | Villager (Male) |
| 17:34 | Create | Spearman |
| 17:34 | Create | Spearman |
| 17:35 | Create | Archer |
| 17:40 | Build | Blacksmith |
| 17:57 | Create | Villager (Male) |
| 17:57 | Create | Villager (Male) |
| 18:24 | Build | Mining Camp |
| 18:28 | Research | Fletching |
| 18:34 | Create | Villager (Male) |
| 18:48 | Build | Archery Range |
| 19:12 | Build | Farm |
| 19:13 | Build | Farm |
| 19:13 | Build | Farm |
| 19:13 | Build | Farm |
| 19:20 | Create | Villager (Male) |
| 19:20 | Create | Villager (Male) |
| 19:21 | Create | Villager (Male) |
| 19:21 | Create | Villager (Male) |
| 19:26 | Build | Market |
| 19:30 | Create | Archer |
| 19:30 | Create | Archer |
| 20:08 | Create | Villager (Male) |
| 20:12 | Build | House |
| 20:19 | Build | Building 796 |
| 20:23 | Create | Archer |
| 20:38 | Create | Villager (Male) |
| 20:45 | Build | House |
| 20:50 | Build | Building 487 |
| 21:22 | Build | Watch Tower |
| 21:43 | Create | Villager (Male) |
| 22:09 | Create | Villager (Male) |
| 22:17 | Build | Mill |
| 22:19 | Create | Villager (Male) |
| 22:24 | Create | Archer |
| 22:42 | Build | House |
| 22:43 | Build | House |
| 22:49 | Research | Castle Age |
| 23:09 | Build | Mining Camp |
| 24:04 | Build | House |
| 24:05 | Build | House |
| 24:24 | Build | Lumber Camp |
| 25:17 | Build | Farm |
| 25:17 | Build | Farm |
| 25:30 | Create | Spearman |
| 25:30 | Create | Spearman |
| 25:31 | Create | Spearman |
| 25:31 | Create | Spearman |
| 25:46 | Age | Castle Age |
| 25:53 | Build | Siege Workshop |
| 26:13 | Create | Villager (Male) |
| 26:37 | Create | Skirmisher |
| 26:37 | Create | Skirmisher |
| 26:37 | Create | Skirmisher |
| 26:52 | Build | Building 673 |
| 26:56 | Create | Villager (Male) |
| 26:56 | Create | Villager (Male) |
| 26:56 | Create | Villager (Male) |
| 27:07 | Create | Mangonel |
| 27:17 | Create | Villager (Male) |
| 27:27 | Build | Lumber Camp |
| 28:03 | Create | Skirmisher |
| 28:17 | Build | Stone Wall |
| 28:41 | Create | Villager (Male) |
| 28:47 | Build | Mining Camp |
| 28:58 | Create | Villager (Male) |
| 29:10 | Build | Stone Wall |
| 29:29 | Create | Villager (Male) |
| 29:29 | Create | Villager (Male) |
| 29:37 | Build | Stone Wall |
| 29:42 | Create | Villager (Male) |
| 29:51 | Build | Building 490 |
| 29:55 | Build | Stone Wall |
| 29:58 | Build | Stone Wall |
| 30:01 | Build | Farm |
| 30:09 | Build | Farm |
| 30:19 | Build | Building 490 |
| 30:28 | Create | Villager (Male) |
| 30:37 | Create | Villager (Male) |
| 30:43 | Build | Stone Wall |
Build order — SantiSICK7
First 150 of 295 actions detected
| 1:10 | Build | Town Center |
| 1:18 | Build | House |
| 1:19 | Build | House |
| 1:23 | Build | Dock |
| 3:25 | Create | Villager (Male) |
| 3:25 | Create | Villager (Male) |
| 3:26 | Create | Villager (Male) |
| 3:26 | Create | Villager (Male) |
| 3:26 | Create | Villager (Male) |
| 3:26 | Create | Villager (Male) |
| 4:54 | Create | Villager (Male) |
| 5:22 | Create | Villager (Male) |
| 5:41 | Create | Fishing Ship |
| 5:57 | Create | Villager (Male) |
| 6:10 | Create | Villager (Male) |
| 6:10 | Create | Villager (Male) |
| 6:37 | Create | Fishing Ship |
| 6:57 | Build | House |
| 6:59 | Create | Villager (Male) |
| 7:10 | Create | Villager (Male) |
| 7:38 | Create | Villager (Male) |
| 8:09 | Create | Villager (Male) |
| 8:26 | Create | Fishing Ship |
| 8:27 | Create | Villager (Male) |
| 8:48 | Research | Loom |
| 8:58 | Create | Villager (Male) |
| 9:10 | Build | House |
| 9:25 | Build | House |
| 9:39 | Create | Villager (Male) |
| 10:00 | Create | Villager (Male) |
| 10:04 | Create | Fishing Ship |
| 10:14 | Build | House |
| 10:38 | Create | Villager (Male) |
| 10:39 | Create | Villager (Male) |
| 10:42 | Create | Fishing Ship |
| 11:11 | Create | Villager (Male) |
| 11:13 | Create | Fishing Ship |
| 11:46 | Create | Villager (Male) |
| 12:09 | Create | Villager (Male) |
| 12:10 | Build | Lumber Camp |
| 12:19 | Build | House |
| 12:38 | Research | Feudal Age |
| 13:32 | Create | Fishing Ship |
| 13:56 | Build | Dock |
| 14:02 | Create | Villager (Male) |
| 14:07 | Build | House |
| 14:16 | Create | Fishing Ship |
| 14:43 | Age | Feudal Age |
| 14:45 | Create | Villager (Male) |
| 14:53 | Research | Double-Bit Axe |
| 14:57 | Create | Unit 2626 |
| 15:14 | Create | Villager (Male) |
| 15:35 | Create | Unit 2626 |
| 15:47 | Create | Fishing Ship |
| 15:55 | Create | Villager (Male) |
| 16:08 | Create | Villager (Male) |
| 16:17 | Create | Villager (Male) |
| 16:20 | Create | Villager (Male) |
| 16:24 | Create | Villager (Male) |
| 16:30 | Create | Unit 2626 |
| 16:31 | Create | Unit 2626 |
| 16:32 | Create | Villager (Male) |
| 16:32 | Create | Villager (Male) |
| 16:53 | Build | Mill |
| 17:08 | Create | Fishing Ship |
| 17:11 | Build | House |
| 17:18 | Build | House |
| 17:26 | Build | House |
| 17:35 | Build | Mining Camp |
| 17:40 | Create | Fishing Ship |
| 17:55 | Create | Unit 2626 |
| 18:03 | Create | Villager (Male) |
| 18:05 | Create | Villager (Male) |
| 18:13 | Create | Villager (Male) |
| 18:16 | Build | Farm |
| 18:17 | Build | Farm |
| 18:17 | Build | Farm |
| 18:18 | Build | Farm |
| 18:19 | Build | Farm |
| 18:21 | Research | Horse Collar |
| 18:57 | Create | Fishing Ship |
| 18:57 | Create | Fishing Ship |
| 19:07 | Create | Unit 2626 |
| 19:09 | Create | Villager (Male) |
| 19:31 | Create | Villager (Male) |
| 19:57 | Build | Market |
| 20:04 | Build | Blacksmith |
| 20:06 | Create | Villager (Male) |
| 20:16 | Create | Unit 2626 |
| 20:18 | Create | Villager (Male) |
| 20:45 | Build | Farm |
| 20:46 | Build | Farm |
| 20:47 | Build | Farm |
| 20:48 | Build | Farm |
| 21:08 | Create | Fishing Ship |
| 21:09 | Create | Fishing Ship |
| 21:19 | Research | Castle Age |
| 21:29 | Create | Unit 2626 |
| 21:49 | Create | Villager (Male) |
| 21:57 | Research | Stone Mining |
| 21:58 | Research | Gold Mining |
| 22:12 | Create | Villager (Male) |
| 22:17 | Create | Unit 2626 |
| 22:26 | Build | Farm |
| 22:45 | Research | Scale Barding Armor |
| 22:53 | Build | Barracks |
| 23:09 | Create | Unit 2626 |
| 23:39 | Create | Fishing Ship |
| 23:40 | Create | Fishing Ship |
| 23:53 | Age | Castle Age |
| 24:06 | Build | House |
| 24:21 | Create | Villager (Male) |
| 24:26 | Build | Castle |
| 24:29 | Create | Villager (Male) |
| 24:52 | Build | House |
| 25:12 | Build | Town Center |
| 25:41 | Create | Villager (Male) |
| 26:02 | Create | Villager (Male) |
| 26:21 | Build | House |
| 26:30 | Create | Fishing Ship |
| 26:30 | Create | Fishing Ship |
| 26:30 | Create | Fishing Ship |
| 26:52 | Build | Stable |
| 26:58 | Research | Chain Barding Armor |
| 27:02 | Research | Forging |
| 27:03 | Create | Villager (Male) |
| 27:11 | Create | Villager (Male) |
| 27:15 | Build | Farm |
| 27:15 | Create | Villager (Male) |
| 27:31 | Build | Stable |
| 27:33 | Create | Villager (Male) |
| 27:39 | Create | Knight |
| 27:47 | Create | Villager (Male) |
| 27:48 | Create | Villager (Male) |
| 27:58 | Build | Stable |
| 28:04 | Create | Knight |
| 28:09 | Create | Villager (Male) |
| 28:18 | Create | Knight |
| 28:31 | Research | Wheelbarrow |
| 28:32 | Create | Villager (Male) |
| 28:32 | Create | Villager (Male) |
| 28:37 | Create | Knight |
| 28:38 | Research | Husbandry |
| 28:48 | Create | Villager (Male) |
| 28:49 | Create | Villager (Male) |
| 28:53 | Create | Knight |
| 28:53 | Research | Bloodlines |
| 28:56 | Research | Iron Casting |
| 28:57 | Create | Villager (Male) |
| 29:07 | Create | Villager (Male) |
Build order — Legolas123249
First 150 of 183 actions detected
| 0:43 | Build | Town Center |
| 1:43 | Build | Dock |
| 2:53 | Build | House |
| 2:55 | Build | House |
| 2:56 | Create | Villager (Male) ×4 |
| 4:28 | Create | Villager (Male) |
| 4:38 | Create | Fishing Ship |
| 5:07 | Create | Villager (Male) |
| 5:22 | Create | Villager (Male) |
| 5:48 | Create | Villager (Male) |
| 6:09 | Build | House |
| 6:10 | Build | House |
| 6:20 | Create | Villager (Male) |
| 6:51 | Create | Villager (Male) |
| 7:17 | Create | Villager (Male) |
| 7:17 | Create | Villager (Male) |
| 7:18 | Create | Villager (Male) |
| 7:26 | Create | Fishing Ship |
| 7:57 | Create | Villager (Male) |
| 8:31 | Create | Fishing Ship |
| 8:42 | Build | House |
| 8:59 | Create | Villager (Male) |
| 9:06 | Create | Fishing Ship |
| 9:21 | Create | Villager (Male) |
| 9:53 | Create | Villager (Male) |
| 9:53 | Create | Villager (Male) |
| 9:55 | Create | Fishing Ship |
| 9:55 | Create | Fishing Ship |
| 10:02 | Build | House |
| 10:04 | Build | House |
| 10:34 | Create | Villager (Male) |
| 10:36 | Create | Fishing Ship |
| 10:44 | Create | Villager (Male) |
| 11:15 | Build | Mill |
| 11:33 | Create | Villager (Male) |
| 11:50 | Build | Lumber Camp |
| 11:52 | Research | Feudal Age |
| 11:54 | Create | Fishing Ship |
| 12:19 | Create | Villager (Male) |
| 12:32 | Create | Fishing Ship |
| 12:51 | Create | Villager (Male) |
| 13:04 | Research | Loom |
| 13:04 | Create | Villager (Male) |
| 13:04 | Create | Villager (Male) |
| 13:16 | Build | Dock |
| 13:51 | Build | House |
| 14:08 | Age | Feudal Age |
| 14:11 | Build | Mining Camp |
| 14:14 | Build | House |
| 14:26 | Create | Fire Galley |
| 14:29 | Create | Galley |
| 15:02 | Research | Gold Mining |
| 15:03 | Research | Double-Bit Axe |
| 15:05 | Research | Horse Collar |
| 15:07 | Create | Villager (Male) |
| 15:07 | Create | Villager (Male) |
| 16:00 | Create | Trade Cog |
| 16:00 | Create | Trade Cog |
| 16:03 | Create | Galley |
| 16:03 | Create | Galley |
| 16:27 | Create | Villager (Male) ×5 |
| 16:36 | Build | House |
| 16:38 | Build | House |
| 16:51 | Create | Galley |
| 16:51 | Create | Galley |
| 17:20 | Build | Farm |
| 17:24 | Build | Farm |
| 17:28 | Build | Farm |
| 17:33 | Build | Barracks |
| 18:31 | Build | Farm |
| 18:33 | Build | Farm |
| 18:42 | Build | House |
| 18:43 | Build | House |
| 18:44 | Build | House |
| 18:45 | Build | House |
| 18:46 | Build | House |
| 18:55 | Build | Farm |
| 19:03 | Build | Archery Range |
| 19:05 | Build | Archery Range |
| 19:07 | Create | Villager (Male) |
| 19:18 | Build | Farm |
| 19:19 | Build | Farm |
| 19:35 | Create | Villager (Male) |
| 19:45 | Build | Market |
| 19:58 | Build | Blacksmith |
| 20:02 | Create | Villager (Male) |
| 20:12 | Create | Villager (Male) |
| 20:20 | Create | Archer |
| 20:21 | Research | Castle Age |
| 20:49 | Create | Galley |
| 20:49 | Create | Galley |
| 20:52 | Create | Archer |
| 20:52 | Create | Archer |
| 21:19 | Research | Fletching |
| 22:01 | Create | Galley |
| 22:01 | Create | Galley |
| 22:03 | Create | Archer ×5 |
| 22:34 | Create | Archer |
| 22:45 | Build | Mining Camp |
| 22:56 | Build | Archery Range |
| 22:57 | Build | Archery Range |
| 23:07 | Age | Castle Age |
| 23:44 | Research | Crossbowman (upgrade) |
| 23:45 | Create | Archer ×4 |
| 23:49 | Create | Villager (Male) ×5 |
| 23:55 | Create | Archer ×4 |
| 24:57 | Create | Archer ×5 |
| 25:02 | Research | Gold Shaft Mining |
| 25:03 | Research | Bow Saw |
| 25:04 | Research | Heavy Plow |
| 25:07 | Create | Villager (Male) ×5 |
| 25:20 | Build | Town Center |
| 26:06 | Research | Bodkin Arrow |
| 26:06 | Research | Padded Archer Armor |
| 26:15 | Create | Archer ×5 |
| 26:15 | Create | Archer ×5 |
| 26:40 | Build | House |
| 26:41 | Build | House |
| 26:42 | Build | House |
| 26:43 | Build | House |
| 26:44 | Build | House |
| 26:44 | Build | House |
| 26:45 | Build | House |
| 26:46 | Build | House |
| 26:48 | Build | House |
| 26:48 | Build | House |
| 26:50 | Create | Villager (Male) ×5 |
| 26:58 | Create | Archer ×5 |
| 27:40 | Create | Galley |
| 28:00 | Create | Archer ×5 |
| 28:33 | Create | Archer ×5 |
| 29:11 | Create | Archer ×5 |
| 29:11 | Create | Archer ×5 |
| 29:12 | Create | Archer ×2 |
| 29:23 | Build | Farm |
| 29:25 | Build | Farm |
| 29:25 | Build | Farm |
| 29:26 | Build | Farm |
| 29:29 | Build | Farm |
| 29:30 | Build | Farm |
| 29:34 | Build | Farm |
| 29:35 | Build | Farm |
| 29:41 | Create | Villager (Male) ×5 |
| 29:41 | Create | Villager (Male) ×5 |
| 29:50 | Build | Town Center |
| 30:02 | Build | Farm |
| 30:05 | Research | Leather Archer Armor |
| 30:13 | Create | Archer ×3 |
| 30:15 | Create | Villager (Male) ×4 |
| 31:03 | Create | Archer ×5 |
Match timeline
| 0:23 | Phantom_JH · first_building Dock |
| 0:39 | lord_valdomero · first_building Dock |
| 1:23 | SantiSICK7 · first_building Dock |
| 1:43 | Legolas123249 · first_building Dock |
| 1:49 | Teej · first_building Dock |
| 1:53 | CC · first_building Dock |
| 2:59 | Surb · first_building Dock |
| 3:12 | 神圣罗马帝国 | Holy Roman · first_building Dock |
| 7:51 | CC · wall_segment Palisade Wall x1 |
| 7:53 | Teej · wall_segment Palisade Wall x1 |
| 8:21 | CC · wall_segment Palisade Wall x1 |
| 8:29 | Teej · wall_segment Palisade Wall x8 |
| 8:44 | Teej · wall_segment Palisade Wall x12 |
| 9:33 | Teej · wall_segment Palisade Wall x1 |
| 10:56 | lord_valdomero · first_building Barracks |
| 10:57 | Surb · first_building Barracks |
| 10:58 | CC · wall_segment Palisade Wall x1 |
| 11:00 | CC · wall_segment Palisade Wall x1 |
| 11:02 | CC · wall_segment Palisade Wall x1 |
| 11:04 | CC · wall_segment Palisade Wall x1 |
| 11:06 | CC · wall_segment Palisade Wall x2 |
| 11:20 | CC · wall_segment Palisade Wall x1 |
| 11:48 | Teej · wall_segment Palisade Wall x7 |
| 12:32 | lord_valdomero · age_up feudal |
| 12:34 | lord_valdomero · first_building Stable |
| 12:38 | Surb · age_up feudal |
| 12:41 | Phantom_JH · wall_segment Palisade Wall x5 |
| 12:46 | Surb · first_building Stable |
| 13:14 | Phantom_JH · first_building Barracks |
| 13:23 | Phantom_JH · wall_segment Palisade Wall x7 |
| 13:31 | Teej · wall_segment Palisade Wall x1 |
| 13:39 | Phantom_JH · age_up feudal |
| 13:41 | 神圣罗马帝国 | Holy Roman · age_up feudal |
| 13:44 | Teej · wall_segment Palisade Wall x3 |
| 14:08 | Legolas123249 · age_up feudal |
| 14:14 | Teej · first_building Barracks |
| 14:43 | SantiSICK7 · age_up feudal |
| 15:10 | CC · age_up feudal |
| 15:14 | Phantom_JH · wall_segment Palisade Wall x9 |
| 15:34 | Teej · age_up feudal |
| 15:41 | Teej · first_building Archery Range |
| 15:58 | CC · wall_segment Palisade Wall x1 |
| 16:00 | CC · wall_segment Palisade Wall x2 |
| 16:01 | CC · wall_segment Palisade Wall x1 |
| 16:03 | CC · wall_segment Palisade Wall x1 |
| 16:11 | CC · first_building Barracks |
| 16:36 | CC · wall_segment Palisade Wall x1 |
| 17:33 | Legolas123249 · first_building Barracks |
| 17:44 | Phantom_JH · wall_segment Palisade Wall x10 |
| 17:52 | Phantom_JH · first_market_sell 100 stone |
| 18:27 | 神圣罗马帝国 | Holy Roman · first_building Barracks |
| 18:36 | CC · first_building Archery Range |
| 18:42 | Phantom_JH · first_market_buy 100 food |
| 18:48 | Surb · wall_segment Palisade Wall x1 |
| 18:52 | Surb · wall_segment Palisade Wall x1 |
| 19:03 | Legolas123249 · first_building Archery Range |
| 20:17 | 神圣罗马帝国 | Holy Roman · age_up castle |
| 21:14 | SantiSICK7 · first_market_buy 100 food |
| 21:18 | lord_valdomero · age_up castle |
| 21:58 | Phantom_JH · age_up castle |
| 22:06 | Surb · wall_segment Palisade Wall x1 |
| 22:53 | SantiSICK7 · first_building Barracks |
| 23:00 | Surb · age_up castle |
| 23:07 | Legolas123249 · age_up castle |
| 23:14 | lord_valdomero · first_building Monastery |
| 23:22 | CC · age_up castle |
| 23:25 | 神圣罗马帝国 | Holy Roman · first_building Siege Workshop |
| 23:26 | CC · first_building Siege Workshop |
| 23:52 | Legolas123249 · first_market_sell 100 wood |
| 23:53 | SantiSICK7 · age_up castle |
| 23:56 | Phantom_JH · first_building Castle |
| 24:26 | SantiSICK7 · first_building Castle |
| 24:40 | Phantom_JH · first_building Siege Workshop |
| 24:43 | 神圣罗马帝国 | Holy Roman · wall_segment Palisade Wall x1 |
| 24:46 | 神圣罗马帝国 | Holy Roman · wall_segment Palisade Wall x1 |
| 24:47 | 神圣罗马帝国 | Holy Roman · wall_segment Palisade Wall x1 |
| 25:46 | Teej · age_up castle |
| 25:53 | Teej · first_building Siege Workshop |
| 26:52 | SantiSICK7 · first_building Stable |
| 28:06 | 神圣罗马帝国 | Holy Roman · first_building Archery Range |
| 28:17 | Teej · wall_segment Stone Wall x5 |
| 28:20 | Surb · first_building Castle |
| 29:10 | Teej · wall_segment Stone Wall x2 |
| 29:37 | Teej · wall_segment Stone Wall x3 |
| 29:55 | Teej · wall_segment Stone Wall x3 |
| 29:58 | Teej · wall_segment Stone Wall x1 |
| 30:43 | Teej · wall_segment Stone Wall x1 |
| 30:45 | CC · first_building Monastery |
| 30:58 | lord_valdomero · first_building Siege Workshop |
| 31:09 | Surb · first_building Siege Workshop |
| 31:47 | Teej · wall_segment Stone Wall x1 |
| 32:01 | Teej · wall_segment Stone Wall x3 |
| 33:08 | 神圣罗马帝国 | Holy Roman · first_market_sell 100 food |
| 33:36 | 神圣罗马帝国 | Holy Roman · first_building Castle |
| 34:26 | Legolas123249 · first_building Monastery |
| 34:27 | CC · first_building Stable |
| 34:32 | Teej · wall_segment Stone Wall x1 |
| 34:53 | Teej · first_market_buy 100 wood |
| 36:02 | 神圣罗马帝国 | Holy Roman · wall_segment Stone Wall x8 |
| 36:07 | 神圣罗马帝国 | Holy Roman · wall_segment Stone Wall x12 |
| 36:21 | Teej · first_building Castle |
| 37:53 | 神圣罗马帝国 | Holy Roman · first_market_buy 100 stone |
| 38:07 | Teej · wall_segment Stone Wall x3 |
| 38:42 | Phantom_JH · resign |
| 39:01 | Legolas123249 · age_up imperial |
| 39:32 | SantiSICK7 · first_market_sell 100 wood |
| 40:48 | 神圣罗马帝国 | Holy Roman · age_up imperial |
[ AI ANALYSIS · 1 CREDIT ]
What really happened in this match?
Wolo.gg analyzes every decision: build order, eco, micro, common mistakes by bracket. Personalized analysis on WhatsApp or Discord in 30 seconds.
Civ guide
Persians
Perfil
Jugador #14793373